 Dungeon Crawl Stone Soup version 0.29.0-13-gc9e81de378 (webtiles) character file.

Game seed: 13695834595949214111

4 Buttons840 the Ducker (level 1, -3/18 HPs)
             Began as a Merfolk Monk on Sept 8, 2022.
             Slain by a hobgoblin (4 damage)
             ... on level 1 of the Dungeon.
             The game lasted 00:00:07 (158 turns).

Buttons840 the Ducker (Merfolk Monk)                 Turns: 158, Time: 00:00:08

Health: -3/18      AC:  2    Str: 11    XL:     1   Next: 60%
Magic:  1/1        EV: 14    Int:  9    God:
Gold:   22         SH:  0    Dex: 16    Spells: 0/0 levels left

rFire   . . .      SeeInvis .   a - +0 hand axe
rCold   . . .      Faith    .   (no shield)
rNeg    . . .      Spirit   .   b - +0 robe
rPois   .          Reflect  .   (no helmet)
rElec   .          Harm     .   (no cloak)
rCorr   .          Rampage  .   (no gloves)
Will    .....                   (no boots)
Stlth   ++........              (no amulet)
HPRegen 0.06/turn               (no ring)
MPRegen 0.07/turn               (no ring)

@: no status effects
A: (nimble swimmer 2), mertail
a: no special abilities


You were on level 1 of the Dungeon.
You visited 1 branch of the dungeon, and saw 1 of its levels.

You collected 22 gold pieces.

Inventory:

Hand Weapons
 a - a +0 hand axe (weapon)
Missiles
 e - 2 stones (quivered)
Armour
 b - a +0 robe (worn)
Scrolls
 d - a scroll of blinking {unknown}
Potions
 c - a potion of ambrosia


   Skills:
 + Level 3.3 Fighting
 + Level 2.4 Axes
 + Level 4.1 Dodging
 + Level 2.2 Stealth


You couldn't memorise any spells.
You didn't know any spells.
Your spell library contained the following spells:

 Spells                   Type           Power      Damage    Failure   Level
 Sandblast                Erth           0%         2d4       38%         1
 Passwall                 Tmut/Erth      0%         N/A       52%         2
 Stone Arrow              Conj/Erth      0%         3d7       77%         3


Dungeon Overview and Level Annotations

Branches:
Dungeon (1/15)

Altars:


Innate Abilities, Weirdness & Mutations

((You are very nimble when in or above water. (Stealth+, EV+, Speed+++)))
Your lower body shifts to a powerful aquatic tail in water.


Message History

Welcome, Buttons840 the Merfolk Monk.
They say the Orb of Zot lies within this dungeon, but they say a lot of things.
Press ? for a list of commands and other information.
Unknown command.
Unknown command.
Unknown command.
Unknown command.
d - a scroll labelled ROTIOK JACAK No target in view!
You pick up a book of Geomancy and begin reading...
You add the spells Sandblast, Passwall and Stone Arrow to your library.
No target in view!
You now have 9 gold pieces.
Your legs become a tail as you enter the water.
A rat comes into view.
You see here 11 gold pieces.
A rat is nearby!
The rat bites you but does no damage.
A rat is nearby!
You hit the rat but do no damage. The rat bites you but does no damage.
A rat is nearby!
You barely miss the rat. The rat bites you.
A rat is nearby!
You hit the rat.
The rat is severely wounded.
The rat misses you. x2
A rat is nearby!
You barely miss the rat. Your punch misses the rat.
The rat is severely wounded.
The rat bites you.
A rat is nearby!
You closely miss the rat.
The rat is severely wounded.
The rat barely misses you.
A rat is nearby!
You slash the rat!
You kill the rat!
HP restored.
You now have 20 gold pieces (gained 11).
You now have 22 gold pieces (gained 2).
An endoplasm comes into view.
An endoplasm is nearby!
An endoplasm is nearby!
The endoplasm barely misses you.
An endoplasm is nearby!
You hit the endoplasm.
You kill the endoplasm!
A giant cockroach comes into view.
A giant cockroach is nearby!
A giant cockroach is nearby!
A giant cockroach is nearby!
The helpless giant cockroach fails to defend itself.
You hit the giant cockroach.
You kill the giant cockroach!
e - 2 stones A ball python comes into view.
A ball python is nearby!
The ball python hisses angrily.
The ball python completely misses you. The ball python closely misses you.
A ball python is nearby!
You hit the ball python.
You kill the ball python!
You see here a ball python corpse.
A goblin comes into view. It is wielding a +0 club.
The goblin shouts!
A bat comes into view.
A giant cockroach comes into view.
There are monsters nearby!
A rat comes into view.
A hobgoblin comes into view.
There are monsters nearby!
The goblin hits you with a +0 club.
There are monsters nearby!
You hit the goblin.
The goblin is severely wounded.
The goblin misses you. The giant cockroach closely misses you.
The goblin closely misses you. The giant cockroach barely misses you.
The goblin hits you with a +0 club.
The giant cockroach bites you but does no damage.
The goblin closely misses you. The giant cockroach bites you.
The goblin closely misses you. The giant cockroach closely misses you.
The giant cockroach misses you. The goblin hits you with a +0 club.
The giant cockroach barely misses you. The hobgoblin closely misses you.
The goblin hits you with a +0 club. The giant cockroach bites you.
The hobgoblin hits you.
* * * LOW HITPOINT WARNING * * *
The goblin closely misses you. The giant cockroach closely misses you.
The hobgoblin barely misses you. The goblin hits you but does no damage.
The giant cockroach closely misses you. The hobgoblin closely misses you.
The goblin misses you. The giant cockroach barely misses you.
The giant cockroach misses you. The hobgoblin closely misses you.
The goblin completely misses you. The giant cockroach closely misses you.
The hobgoblin closely misses you. The goblin hits you with a +0 club.
* * * LOW HITPOINT WARNING * * *
The giant cockroach closely misses you. The hobgoblin hits you.
You die...

≈...###.#.#.....#.#
≈.........#.... #.#
~..####.###.#.. #.#
### P..# #.....#..
#.#... ...#
#..####..##.#.## ...##
#..............# ....#
#...........#..#
P...###.#......#.....#
~.......#......g@###.#
~..#..###.#.#..Bg# .#
~..#......#.#...br #
≈..#.#......#....#.
~..#...>.......#?##.
~..####.......##.. ..
~... #...... .[= .#
~.#. ....## ##. #


You could see a giant cockroach, a hobgoblin, a goblin, a bat and a rat.

Vanquished Creatures
  An endoplasm (D:1)
  A giant cockroach (D:1)
  A ball python (D:1)
  A rat (D:1)
4 creatures vanquished.

Notes
Turn   | Place    | Note
-------+----------+-------------------------------------------
     0 | D:1      | Buttons840 the Merfolk Monk began the quest for the Orb.
     0 | D:1      | Reached XP level 1. HP: 18/18 MP: 1/1
   158 | D:1      | Slain by a hobgoblin

Illustrated notes

Levels and vault maps discovered:
D:1:      giann_bridges, layout_basic, minmay_tromino_v4_a

Action                   || total
-------------------------++-------
Melee: Hand axe          ||    10
 Stab: Sleeping          ||     1
Armor: Robe              ||     4
Dodge: Dodged            ||    29
